 Dungeon Crawl Stone Soup version 0.27-a0-732-ga892ba84f6 (webtiles) character file.

Game seed: 1519659692776438292

710897 robertstho the Conqueror (level 27, -10/245 HPs)
             Began as a Minotaur Berserker on Mar 22, 2021.
             Was the Champion of Trog.
             Killed from afar by an orb of fire (11 damage)
             ... with a bolt of fire
             ... on level 5 of the Realm of Zot on Mar 23, 2021.
             The game lasted 02:20:38 (80817 turns).

robertstho the Conqueror (Minotaur Berserker)      Turns: 80817, Time: 02:20:39

Health: -10/245    AC: 46    Str: 35    XL:     27
Magic:  17/17      EV:  8    Int:  6    God:    Trog [******]
Gold:   3557       SH:  0    Dex: 10    Spells: 26/26 levels left

rFire    + + +     SeeInvis .   g - +9 broad axe (elec)
rCold    + + +     Faith    .   t - +0 tower shield {reflect}
rNeg     + + .     Spirit   .   w - +11 gold dragon scales
rPois    +         Reflect  +   k - +2 hood of the Assassin {Detection Stab+ Stlth++}
rElec    +         Harm     .   l - +0 cloak
rCorr    +         Rampage  .   r - +2 pair of gloves {Str+3}
Will     ++++.     Rnd*Rage +   O - +2 pair of boots "Iwunn" {*Contam rC++ rCorr Str+2}
Stlth    ..........             L - amulet of reflection
HPRegen  0.00/turn              m - ring of protection from fire
MPRegen  0.15/turn              R - ring of Winuduatt {rElec rPois rN++ Will+ Int+3}

@: resistant, berserk cooldown, held, slowed, studying Stealth, very slow
A: horns 2, retaliatory headbutt, icy blue scales 1, berserk 3, blurry vision 1,
clumsy 1, deformed body, deterioration 1, dopey 1, frail 1, low mp 2,
strong-willed 1, screaming 1, electricity resistance, inhibited regeneration,
weak 1, subdued magic 2
}: 3/15 runes: decaying, serpentine, silver
a: Renounce Religion, Berserk, Trog's Hand, Brothers in Arms


You were on level 5 of the Realm of Zot.
You worshipped Trog.
Trog was exalted by your worship.
You visited 9 branches of the dungeon, and saw 49 of its levels.
You visited the Abyss 2 times.
You visited 1 bazaar.
You also visited: Ossuary, Bailey, Volcano and Wizlab.

You collected 9178 gold pieces.
You spent 5621 gold pieces at shops.

Inventory:

Hand Weapons
 g - a +9 broad axe of electrocution (weapon)
 q - the +8 broad axe of War {flame, Int+4 Dex-2}
   (Trog gifted it to you on level 2 of the Depths)

   It has been specially enchanted to burn those struck by it, causing extra
   injury to most foes and up to half again as much damage against particularly
   susceptible opponents.
   Big, fiery blades are also staple armaments of hydra-hunters.
   It affects your intelligence (+4).
   It affects your dexterity (-2).
 B - a +9 antimagic executioner's axe
Armour
 k - the +2 hood of the Assassin (worn) {Detection Stab+ Stlth++}
   (You acquired it on level 1 of the Orcish Mines)

   It makes you much more stealthy.
 l - a +0 cloak (worn)
 r - a +2 pair of gloves of strength (worn)
 t - a +0 tower shield of reflection (worn)
 w - +11 gold dragon scales (worn)
 O - the +2 pair of boots "Iwunn" (worn) {*Contam rC++ rCorr Str+2}
   (You found it on level 1 of the Vaults)

   It affects your strength (+2).
   It greatly protects you from cold.
   It causes magical contamination when unequipped.
   It provides partial protection from all sources of acid and corrosion.
Jewellery
 m - a ring of protection from fire (right hand)
 x - the ring "Eheet" {rPois Str+5 SInv Stlth+}
   (You found it on level 4 of the Vaults)

   [ring of see invisible]

   It affects your strength (+5).
   It protects you from poison.
   It lets you see invisible.
   It makes you more stealthy.
 E - a ring of fire
 F - a ring of protection from fire
 J - a ring of flight
 L - an amulet of reflection (around neck)
 R - the ring of Winuduatt (left hand) {rElec rPois rN++ Will+ Int+3}
   (You bought it in a shop on level 2 of the Snake Pit)

   [ring of willpower]

   It affects your intelligence (+3).
   It insulates you from electricity.
   It protects you from poison.
   It greatly protects you from negative energy.
   It affects your willpower, your defense against some magical effects.
 T - an amulet of regeneration
 U - a +4 ring of slaying
Wands
 u - a wand of iceblast (30)
 A - a wand of acid (23)
 Q - a wand of digging (15)
 S - a wand of mindburst (33)
Scrolls
 e - 39 scrolls of identify
 f - 6 scrolls of blinking
 i - 8 scrolls of immolation
 o - 3 scrolls of silence
 s - 6 scrolls of summoning
 z - 10 scrolls of fear
 C - 21 scrolls of teleportation
 D - 6 scrolls of fog
 G - 3 scrolls of magic mapping
 V - 6 scrolls of holy word
 X - 2 scrolls of enchant weapon
Potions
 a - 15 potions of ambrosia
 b - 7 potions of invisibility
 c - 3 potions of cancellation
 d - 7 potions of mutation
 h - 9 potions of haste
 j - 3 potions of resistance
 n - 8 potions of might
 p - 18 potions of curing
 v - 5 potions of magic
 K - 8 potions of heal wounds
 M - 4 potions of flight
Miscellaneous
 y - a condenser vane
 H - a lightning rod (4/4)
 I - a phantom mirror
 P - a box of beasts
 Z - a tin of tremorstones (2/2)


   Skills:
 O Level 27 Fighting
 + Level 1.1 Long Blades
 O Level 27 Axes
 * Level 26.7 Armour
 * Level 22.3 Dodging
 + Level 26.2 Shields
 + Level 2.1 Evocations


You had 26 spell levels left.
You didn't know any spells.
Your spell library was empty.

Dungeon Overview and Level Annotations

Branches:
Dungeon (15/15)            Temple (0/1) D:7            Lair (6/6) D:10
  Swamp (4/4) Lair:2        Snake (4/4) Lair:2        Slime (0/5) Lair:5
    Orc (2/2) D:12            Elf (3/3) Orc:2        Vaults (5/5) D:14
 Depths (5/5) D:15            Zot (5/5) Depths:5    Ossuary (visited)
 Bailey (visited)         Volcano (visited)          WizLab (visited)
  Crypt: Vaults:2-3

Altars:
Cheibriados
Elyvilon
Fedhas
Gozag
Hepliaklqana
Kikubaaqudgha
Makhleb
Okawaru
Qazlal
Ru
Trog
Vehumet
Wu Jian
Xom
The Shining One
Beogh

Shops:
D:13 (   Orc:1 [   Orc:2 ([?*=   Elf:1 !((*   Elf:2 [   Elf:3 [   Snake:2 *=*
Vaults:1 !   Vaults:4 [   Vaults:5 *   Depths:4 :   Depths:5 [

Portals:
Hell: Depths:1 Depths:2 Depths:3 Depths:5
Abyss: Depths:1 Depths:4 Depths:5
Pandemonium: Depths:3 Depths:5
Ziggurat: Depths:1
Trove: D:10 (give +4 shadow dragon scales)

Annotations:
Vaults:1 1 transporter
Zot:4 3 runed translucent doors


Innate Abilities, Weirdness & Mutations

You have a pair of horns on your head.
You reflexively headbutt those who attack you in melee.
You are partially covered in icy blue scales. (AC +2)
You have an uncontrollable temper.
Scrolls take you a little longer to read.
You are clumsy. (Dex -2)
Armour fits poorly on your strangely shaped body.
Your body sometimes deteriorates upon taking damage.
You are dopey. (Int -2)
You are frail. (-10% HP)
Your magical capacity is very low. (-20% MP)
You are strong-willed. (Will+)
You occasionally shout uncontrollably at your foes.
You are resistant to electric shocks. (rElec)
You do not regenerate when monsters are visible.
You are weak. (Str -2)
Your spells are easier to cast, but less powerful.


Message History

* * * LOW HITPOINT WARNING * * *
The Executioner gestures.
The Executioner seems to speed up.
Blink to where?
Press: ? - help, Dir - move target, f - you Are you sure you want to cancel this blink?
Blink to where?
Press: ? - help, Dir - move target
As you read the scroll of blinking, it crumbles to dust. 2 black draconians and a dread lich come into view.
Your troll goes berserk!
The dread lich shouts!
The black draconian roars! x2; You hear a roar!
The orb of fire glows red.
The fireball explodes!
The fireball engulfs you! You resist.
* * * LOW HITPOINT WARNING * * *
The dread lich mumbles some strange words.
The dread lich seems to speed up.
A green draconian comes into view. It is wielding a +1 mace of protection.
The orb of fire drops a net on you.
You become entangled in the net!
The dread lich mumbles some strange words.
The black draconian moves out of view.
A red draconian shifter comes into view.
It is wielding a +2 long sword of holy wrath.
You tear a large gash into the net.
The dread lich gestures at itself while chanting.
The dread lich flickers and vanishes!
Deactivating autopickup; reactivate with Ctrl-A.
The orb of fire emits a lurid red light.
The bolt of fire hits the Executioner!!
The Executioner resists.
The bolt of fire hits you! You resist.
* * * LOW HITPOINT WARNING * * *
The orb of fire glows yellow.
The bolt of fire hits the orb of fire.
The orb of fire completely resists.
The bolt of fire misses the Executioner.
The bolt of fire hits you! You resist.
* * * LOW HITPOINT WARNING * * *
A red draconian annihilator comes into view.
It is wielding a +0 long sword.
The orb of fire glows red.
The bolt of fire hits the Executioner.
The Executioner resists.
The bolt of fire hits you! You resist.
You die...

{ { ... { { .....
.....##▓▓▓▓▓▓▓▓▓▓▓#
............^.1@..###
.....L........##T..1##
...........*...###d.{##########
.......†)*^*....###...q.........
.......)§).^...:# ##..p.^.......
.........)....^.# #..qd........
..........^.....# ##.d.........
................# #...........
................# ##^.......^..


You could see 3 orbs of fire, a Killer Klown, an Ice Fiend (summoned), 2
draconians, a red draconian shifter, a red draconian annihilator, an Executioner
(summoned, fast, ally target) and a friendly troll (summoned, berserk).

Vanquished Creatures
  A dread lich (Zot:5)
  Mara (Vaults:3)
  4 ancient liches
  5 orbs of fire
  Sojobo (Depths:5)
  Bai Suzhen (Vaults:3)
  8 Killer Klowns
  Frederick (Vaults:5)
  3 curse toes
  A caustic shrike (Depths:3)
  Margery (Vaults:5)
  8 golden dragons
  Jory (Vaults:3)
  A Hellbinder (WizLab)
  Jorgrun (D:15)
  3 electric golems
  13 tentacled monstrosities
  A deep elf master archer (Elf:3)
  A deep elf blademaster (Elf:3)
  5 liches
  9 quicksilver dragons
  24 Orb Guardians (Zot:5)
  12 titans
  8 death cobs
  9 sphinxes
  Kirke (Swamp:2)
  2 thorn hunters
  2 tengu reavers (Depths:5)
  13 shadow dragons
  5 draconian monks
  23 storm dragons
  Roxanne (Elf:3)
  A fenstrider witch (Swamp:3)
  8 fire giants
  4 draconian scorchers (Zot:1)
  9 nagarajas
  The ghost of Grognak the Peltast, a journeyman MiFi of Xom (Snake:4)
  9 deep elf sorcerers
  16 vault wardens
  An orc warlord (Orc:2)
  2 iron dragons (Vaults:5)
  3 cacodemons
  15 frost giants
  Louise (Swamp:4)
  Aizul (Snake:3)
  4 ghost moths
  11 draconian knights
  5 deep elf elementalists (Elf:3)
  5 draconian stormcallers
  6 draconian shifters
  10 draconian annihilators
  2 war gargoyles
  3 spriggan defenders
  30 very ugly things
  10 stone giants
  19 ironbound preservers
  4 vampire knights
  5 deep elf demonologists
  A lorocyproca (WizLab)
  15 green draconians
  7 deep elf annihilators
  Azrael (D:15)
  A black sun (WizLab)
  12 red draconians
  9 spark wasps
  11 purple draconians
  13 white draconians
  11 yellow draconians
  4 entropy weavers
  13 black draconians
  17 dire elephants
  3 bunyips
  2 crystal guardians (Vaults:4)
  Snorg (D:13)
  5 eleionomae
  8 ettins
  16 fire dragons
  A merfolk impaler (Depths:5)
  2 blizzard demons (WizLab)
  8 deep elf death magi
  15 yaktaur captains
  Fannar (D:10)
  3 shambling mangroves (Swamp:4)
  9 deep elf high priests
  12 ice dragons
  6 ironbound thunderhulks
  A peacekeeper (Vaults:4)
  Harold (D:9)
  31 hydras
  7 rakshasas
  36 vault guards
  10 great orbs of eyes
  2 hell beasts
  5 ghost crabs
  23 naga warriors
  4 merfolk avatars (Swamp:4)
  Erolcha (Orc:2)
  3 catoblepae
  21 anacondas
  An anaconda (shapeshifter) (Vaults:5)
  4 boulder beetles
  2 ogre magi
  6 spriggan air magi
  9 centaur warriors
  15 alligators
  The ghost of Grognak the Basher, a novice MiFi of Trog (Orc:1)
  Erica (D:10)
  8 ironbound frosthearts
  A death knight (D:12)
  4 deep troll shamans
  5 tengu warriors
  22 dancing weapons
  8 spriggan berserkers
  Urug (Lair:1)
  12 deep troll earth magi
  8 shock serpents
  9 ironbound beastmasters
  4 vampire magi
  2 orc high priests
  3 soul eaters
  11 two-headed ogres
  4 sun demons (WizLab)
  19 naga sharpshooters
  19 deep elf knights
  A titan skeleton (Depths:3)
  10 iron trolls
  12 hell knights
  Sonja (Lair:6)
  A storm dragon zombie (D:15)
  5 goliath frogs
  12 salamander mystics
  A sixfirhy (WizLab)
  3 skeletal warriors
  2 flayed ghosts (Depths:3)
  8 bog bodies
  55 deep trolls
  A glowing orange brain (shapeshifter) (Vaults:4)
  11 swamp dragons
  A deep troll (shapeshifter) (Vaults:4)
  5 unseen horrors
  A torturous demonspawn (Depths:3)
  An orange crystal statue (D:9)
  3 glowing orange brains
  4 spriggan druids
  A gelid demonspawn (Depths:3)
  12 wizards
  3 naga ritualists
  17 deep elf archers
  Pikel (D:6)
  A sphinx zombie (Vaults:5)
  A shadow demon (WizLab)
  4 phantasmal warriors
  6 lindwurms
  12 orc knights
  A human zombie (Vaults:5)
  A harpy (shapeshifter) (Abyss:3)
  19 ironbound convokers
  A frost giant zombie (Depths:3)
  50 deep elf pyromancers
  38 deep elf zephyrmancers
  5 harpies
  5 mana vipers
  A tengu skeleton (Vaults:5)
  5 orc sorcerers (Orc:2)
  A fire giant zombie (Vaults:5)
  A wolf spider zombie (D:15)
  A faun (shapeshifter) (Vaults:4)
  4 necromancers
  A shining eye (shapeshifter) (Depths:3)
  A shadow dragon skeleton (D:15)
  6 manticores
  17 salamanders
  58 ugly things
  5 will-o-the-wisps
  23 moths of wrath
  A worldbinder (Abyss:3)
  7 elephants (Lair:5)
  2 cyclopes
  21 vault sentinels
  A fire giant skeleton (Depths:3)
  37 black mambas
  Maurice (D:8)
  13 guardian serpents
  4 rust devils
  A torpor snail (Lair:6)
  29 naga magi
  2 orange demons (WizLab)
  9 cane toads
  2 smoke demons
  2 hellions (WizLab)
  A rime drake (shapeshifter) (Vaults:5)
  6 komodo dragons
  A cane toad (shapeshifter) (Vaults:4)
  3 freezing wraiths
  7 rime drakes
  4 guardian mummies (Zot:4)
  26 yaktaurs
  2 tormentors (WizLab)
  2 hellwings (WizLab)
  5 tengu conjurers
  7 trolls
  The ghost of gregwegmann the Chopper, an amateur HOFi (D:4)
  3 red devils
  The ghost of indyram44 the Twirler, an amateur MiGl (D:4)
  2 ice devils (WizLab)
  A tengu simulacrum (Vaults:5)
  3 meliai (Lair:5)
  18 polar bears
  A queen bee (Lair:5)
  2 jumping spiders
  7 tyrant leeches
  A meliai (shapeshifter) (Vaults:5)
  9 slime creatures
  6 raiju (Lair:6)
  20 hornets
  A slime creature (shapeshifter) (Depths:3)
  22 dream sheep
  5 water elementals
  A redback (shapeshifter) (Vaults:5)
  Sigmund (D:4)
  7 redbacks (Vaults:2)
  4 air elementals
  2 tarantellas (Vaults:4)
  A vampire (D:10)
  18 spriggans
  4 wraiths
  6 wyverns
  8 basilisks
  2 neqoxecs (WizLab)
  A wyvern (shapeshifter) (Elf:3)
  A ynoxinul (Depths:3)
  5 fire bats (Volcano)
  3 steam dragons
  Eustachio (D:6)
  5 fire elementals
  A basilisk (shapeshifter) (D:15)
  4 chaos spawn
  7 hogs (Swamp:2)
  5 large abominations
  61 yaks
  14 vampire mosquitoes
  6 wargs
  A swamp worm (shapeshifter) (Vaults:5)
  56 nagas
  Edmund (D:4)
  12 swamp worms
  A floating eye (Depths:3)
  15 hell hounds
  2 acid dragons (D:12)
  Duvessa (D:6)
  45 orc warriors
  A swamp drake (shapeshifter) (Depths:5)
  13 water moccasins
  2 ice beasts
  9 swamp drakes
  5 sky beasts
  10 necrophages
  A boggart (Vaults:1)
  23 black bears
  12 ogres
  20 wolves
  A lemure (D:6)
  11 centaurs
  2 kobold brigands
  3 phantoms
  19 bullfrogs
  8 small abominations (Depths:5)
  Blork the orc (D:4)
  An earth elemental (Elf:1)
  Dowan (D:6)
  A wyvern skeleton (D:6)
  A wyvern zombie (Ossuary)
  A water moccasin skeleton (D:8)
  6 scorpions
  13 wights
  28 killer bees
  A howler monkey (D:10)
  An electric eel (Lair:5)
  5 lava snakes (Volcano)
  2 quasits
  6 centaur zombies
  4 jellies
  A gnoll shaman (D:5)
  7 bullfrog zombies
  7 centaur skeletons
  25 orc priests
  7 hounds
  2 bullfrog skeletons
  Ijyb (D:4)
  4 iguanas
  24 orc wizards
  8 worker ants
  2 killer bee zombies (D:6)
  2 hound zombies (Ossuary)
  15 mummies (Ossuary)
  2 howler monkey zombies
  6 worker ant zombies
  8 gnolls (D:5)
  7 adders
  A howler monkey skeleton (D:6)
  2 shadow imps
  5 white imps
  4 ufetubi
  2 adder zombies
  2 adder skeletons (D:6)
  5 worms
  A dart slug (D:1)
  125 orcs
  3 giant cockroaches
  13 goblins
  5 hobgoblins
  8 jackals
  7 oozes
  7 quokkas
  7 ball pythons
  9 bats
  2 frilled lizards
  A jackal skeleton (D:6)
  3 jackal zombies (Ossuary)
  12 kobolds
  A quokka skeleton (D:6)
  4 quokka zombies
  8 rats
  A rat zombie (D:5)
  4 briar patches (Swamp:1)
  A bush (D:8)
2510 creatures vanquished.

Vanquished Creatures (collateral kills)
  3 Killer Klowns
  A golden dragon (Zot:2)
  A deep elf blademaster (Elf:3)
  A tentacled monstrosity (Zot:2)
  A deep elf sorcerer (Elf:3)
  A nagaraja (Snake:4)
  A red draconian (Volcano)
  A boulder beetle (D:11)
  An ogre mage (Volcano)
  3 two-headed ogres (Volcano)
  2 naga sharpshooters
  3 spriggans (Swamp:1)
  A hell knight (Depths:5)
  An orc knight (Orc:2)
  A mana viper (Snake:3)
  A salamander (Snake:3)
  A moth of wrath (Zot:2)
  A black mamba (Snake:3)
  A naga mage (Snake:3)
  A guardian serpent (Snake:3)
  A smoke demon (WizLab)
  2 guardian mummies (Zot:4)
  A troll (Orc:2)
  4 hornets (Swamp:1)
  6 dream sheep (Lair:6)
  4 wargs
  4 nagas
  4 orc warriors
  A wolf (Lair:6)
  2 orcs (Orc:1)
  2 butterflies (Zot:4)
58 creatures vanquished.

Vanquished Creatures (others)
  An ancient lich (Vaults:5)
  A frost giant (Vaults:5)
  A vault warden (Vaults:4)
  A draconian annihilator (Zot:3)
  An eleionoma (Swamp:1)
  A naga warrior (Snake:4)
  An alligator (Swamp:3)
  A deep elf knight (Elf:2)
  A tengu zombie (D:15)
  A deep elf zephyrmancer (Elf:3)
  A deep elf pyromancer (Elf:2)
  A black mamba (Snake:3)
  A fire dragon zombie (D:15)
  A spriggan (Swamp:4)
  A wyvern (D:12)
  A bullfrog (D:15)
  A killer bee (D:13)
  An orc priest (Orc:2)
  2 iguanas (Lair:6)
  An orc wizard (Orc:2)
  6 briar patches (Swamp:1)
  32 foxfires
  22 fungi
  71 plants
  24 withered plants
176 creatures vanquished.

Grand Total: 2744 creatures vanquished

Notes
Turn   | Place    | Note
-------+----------+-------------------------------------------
     0 | D:1      | robertstho the Minotaur Berserker began the quest for the
                  | Orb.
     0 | D:1      | Reached XP level 1. HP: 19/19 MP: 0/0
    35 | D:1      | Reached XP level 2. HP: 16/27 MP: 1/1
   483 | D:1      | Reached ** piety under Trog
   755 | D:1      | Reached XP level 3. HP: 34/34 MP: 2/2
  1231 | D:2      | Found a shimmering altar of Xom.
  1326 | D:2      | Found an ornate altar of the Wu Jian Council.
  1333 | D:2      | Noticed a spectral centipede
  1333 | D:2      | Noticed a spectral black mamba
  1333 | D:2      | Noticed a spectral cane toad
  1902 | D:3      | Found a white marble altar of Elyvilon.
  2056 | D:3      | Reached XP level 4. HP: 41/41 MP: 3/3
  2112 | D:3      | Found a stormy altar of Qazlal.
  2539 | D:3      | Found an ancient bone altar of Kikubaaqudgha.
  2613 | D:3      | Reached *** piety under Trog
  2689 | D:4      | Noticed Ijyb
  2695 | D:4      | Reached skill level 5 in Fighting
  2695 | D:4      | Reached XP level 5. HP: 30/48 MP: 4/4
  2700 | D:4      | Killed Ijyb
  2872 | D:4      | Found a runed translucent gate.
  2872 | D:4      | Found a runed translucent gate.
  2872 | D:4      | Found a runed translucent gate.
  2873 | D:4      | Noticed indyram44's ghost (amateur MiGl)
  2873 | D:4      | Noticed gregwegmann's ghost (amateur HOFi)
  2940 | D:4      | Found an opulent altar of Gozag.
  2948 | D:4      | Noticed Edmund
  2949 | D:4      | Noticed Blork the orc
  2958 | D:4      | Killed Blork the orc
  2959 | D:4      | Reached skill level 5 in Axes
  2967 | D:4      | Killed Edmund
  2968 | D:4      | Reached skill level 5 in Armour
  2968 | D:4      | Reached XP level 6. HP: 43/56 MP: 5/5
  3125 | D:4      | Found an iron altar of Okawaru.
  3339 | D:4      | Found a glowing golden altar of the Shining One.
  3371 | D:4      | Noticed Sigmund
  3385 | D:4      | Killed Sigmund
  3386 | D:4      | Reached XP level 7. HP: 62/62 MP: 6/6
  3494 | D:4      | Killed gregwegmann's ghost
  3497 | D:4      | Killed indyram44's ghost
  3498 | D:4      | Reached XP level 8. HP: 71/71 MP: 7/7
  3540 | D:5      | Entered Level 5 of the Dungeon
  3796 | D:5      | Reached **** piety under Trog
  3953 | D:5      | Found a sand-covered staircase.
  3960 | Ossuary  | Entered an ossuary
  4003 | Ossuary  | Reached skill level 5 in Dodging
  4418 | Ossuary  | Reached XP level 9. HP: 74/81 MP: 8/8
  5073 | D:6      | Noticed Pikel
  5074 | D:6      | Noticed Dowan
  5075 | D:6      | Noticed Eustachio
  5104 | D:6      | Killed Pikel
  5117 | D:6      | Noticed Duvessa
  5128 | D:6      | Killed Duvessa
  5130 | D:6      | Killed Dowan
  5146 | D:6      | Killed Eustachio
  5146 | D:6      | Reached ***** piety under Trog
  6082 | D:6      | Received a gift from Trog
  6162 | D:7      | Reached skill level 10 in Axes
  6414 | D:7      | Found a staircase to the Ecumenical Temple.
  6550 | D:7      | Noticed a moth of wrath
  6553 | D:7      | Found a bloodstained altar of Trog.
  6779 | D:8      | Reached XP level 10. HP: 90/91 MP: 3/9
  6797 | D:8      | Identified the +1 rapier of the Fool {elec, rPois rC+
                  | Str+2}
  7015 | D:8      | Noticed Maurice
  7023 | D:8      | Paralysed by something for 6 turns
  7575 | D:8      | Found a blossoming altar of Fedhas.
  7860 | D:8      | Killed Maurice
  7861 | D:8      | Reached skill level 10 in Armour
  8122 | D:9      | Found a sacrificial altar of Ru.
  8135 | D:9      | Reached skill level 10 in Fighting
  8244 | D:9      | Noticed an orange crystal statue
  8256 | D:9      | Killed an orange crystal statue
  8312 | D:9      | Found a burning altar of Makhleb.
  8404 | D:9      | Noticed Harold
  8405 | D:9      | Noticed a two-headed ogre
  8414 | D:9      | Killed a two-headed ogre
  8416 | D:9      | Killed Harold
  8417 | D:9      | Reached XP level 11. HP: 40/101 MP: 3/10
  8728 | D:9      | Noticed a two-headed ogre
  8731 | D:9      | Killed a two-headed ogre
  9450 | D:9      | Found a hazy altar of Hepliaklqana.
  9568 | D:10     | Entered Level 10 of the Dungeon
  9755 | D:10     | Found a flagged portal.
  9770 | Bailey   | Entered a bailey
  9940 | Bailey   | Noticed an orc knight
 10310 | Bailey   | Killed an orc knight
 10362 | Bailey   | Reached ****** piety under Trog
 11017 | D:10     | Noticed Erica
 11017 | D:10     | Noticed Fannar
 11025 | D:10     | Killed Erica
 11036 | D:10     | Killed Fannar
 11185 | D:10     | Found a portal to a secret trove of treasure.
 11190 | D:10     | Found a staircase to the Lair.
 11483 | D:10     | Killed an unseen horror
 11897 | D:11     | Noticed a boulder beetle
 11914 | D:11     | Killed a boulder beetle
 11914 | D:11     | Received a gift from Trog
 12059 | D:11     | Killed an unseen horror
 12060 | D:11     | Reached XP level 12. HP: 70/112 MP: 3/11
 12266 | D:11     | Noticed a boulder beetle
 12274 | D:11     | Killed a boulder beetle
 13136 | D:12     | Found a staircase to the Orcish Mines.
 13151 | D:12     | Noticed a death knight
 13360 | D:12     | Noticed a five-headed hydra
 13378 | D:12     | Killed a three-headed hydra
 13719 | D:12     | Reached skill level 1 in Long Blades
 13927 | D:12     | Killed a death knight
 14951 | D:12     | Received a gift from Trog
 15382 | D:13     | Noticed a catoblepas
 15388 | D:13     | Killed a catoblepas
 15446 | D:13     | Noticed Snorg
 15454 | D:13     | Killed Snorg
 15736 | D:13     | Reached skill level 15 in Axes
 16069 | D:13     | Reached XP level 13. HP: 107/122 MP: 4/12
 16079 | D:13     | Identified the +1 robe of Ethics {Int+2}
 16374 | D:13     | Found an ancient bone altar of Kikubaaqudgha.
 16401 | D:13     | Found Fizecack's Weapon Shoppe.
 16561 | D:13     | Reached skill level 10 in Dodging
 17484 | Orc:1    | Entered Level 1 of the Orcish Mines
 17612 | Orc:1    | Received a gift from Trog
 17961 | Orc:1    | Identified a scroll of acquirement
 17963 | Orc:1    | Acquired the +2 hood of the Assassin {Detection Stab+
                  | Stlth++}
 17964 | Orc:1    | Found the +2 hood of the Assassin {Detection Stab+ Stlth++}
 18081 | Orc:1    | Found a runed translucent door.
 18173 | Orc:1    | Noticed Grognak's ghost (novice MiFi)
 18199 | Orc:1    | Killed Grognak's ghost
 18370 | Orc:2    | Entered Level 2 of the Orcish Mines
 18384 | Orc:2    | Noticed an orc warlord
 18385 | Orc:2    | Noticed Erolcha
 18389 | Orc:2    | Found Cunoj's Magic Scroll Boutique.
 18802 | Orc:2    | HP: 3/123 [orc knight/+0 great sword (11)]
 19284 | Lair:1   | Entered Level 1 of the Lair of Beasts
 19534 | Lair:1   | Received a gift from Trog
 19785 | Lair:1   | Noticed Urug
 19793 | Lair:1   | Killed Urug
 20387 | Lair:2   | Found a staircase to the Swamp.
 20436 | Lair:2   | Found a dark tunnel.
 20446 | Volcano  | Entered a volcano
 20912 | Volcano  | Noticed a red draconian
 20926 | Volcano  | Reached XP level 14. HP: 41/133 MP: 4/13
 20945 | Volcano  | Found a bloodstained altar of Trog.
 21287 | Volcano  | Found a bloodstained altar of Trog.
 21928 | Lair:2   | Found a staircase to the Snake Pit.
 21932 | Lair:2   | Reached skill level 15 in Armour
 23068 | Lair:3   | Received a gift from Trog
 23647 | Lair:4   | Reached skill level 15 in Fighting
 24362 | Lair:5   | Found a staircase to the Slime Pits.
 25658 | Lair:6   | Entered Level 6 of the Lair of Beasts
 25942 | Lair:6   | Reached XP level 15. HP: 137/143 MP: 14/14
 26265 | Lair:6   | Identified the +4 long sword of Trog's Delight {flame,
                  | Str+2 Stlth+} (Trog gifted it to you on level 6 of the Lair
                  | of Beasts)
 26265 | Lair:6   | Received a gift from Trog
 27049 | Lair:6   | Noticed Sonja
 27061 | Lair:6   | Killed Sonja
 27438 | Lair:6   | Identified the +0 robe "Vash" {Str-4 Dex+6}
 27991 | Orc:2    | Killed an orc warlord
 28500 | Orc:2    | Paralysed by an orc sorcerer for 3 turns
 28642 | Orc:2    | Found Inivviutt's General Store.
 28659 | Orc:2    | Bought a scroll of identify for 30 gold pieces
 28670 | Orc:2    | Found Ylalibihoj's Jewellery Boutique.
 28677 | Orc:2    | Bought an amulet of reflection for 360 gold pieces
 28698 | Orc:2    | Found a staircase to the Elven Halls.
 28700 | Orc:2    | Killed Erolcha
 28727 | Orc:2    | Found Nioffit's Magic Scroll Shoppe.
 28733 | Orc:2    | Bought a scroll of acquirement for 728 gold pieces
 28733 | Orc:2    | Bought a scroll of enchant weapon for 105 gold pieces
 28733 | Orc:2    | Bought a scroll of identify for 28 gold pieces
 28733 | Orc:2    | Bought a scroll of identify for 28 gold pieces
 28733 | Orc:2    | Bought a scroll of blinking for 105 gold pieces
 28733 | Orc:2    | Bought a scroll of magic mapping for 49 gold pieces
 28733 | Orc:2    | Bought a scroll of identify for 28 gold pieces
 28733 | Orc:2    | Bought a scroll of identify for 28 gold pieces
 28733 | Orc:2    | Bought 2 scrolls of identify for 56 gold pieces
 28733 | Orc:2    | Bought a scroll of enchant armour for 105 gold pieces
 28733 | Orc:2    | Acquired 898 gold pieces
 28853 | Orc:2    | Found Ahuluebo's Antique Weapon Boutique.
 28869 | Orc:2    | Found Getam's Antique Armour Boutique.
 28876 | Orc:2    | Bought a pair of glowing boots for 142 gold pieces
 29119 | Orc:1    | Found Piublu's Antique Armour Shoppe.
 29663 | Orc:2    | Bought a scroll of enchant armour for 112 gold pieces
 29843 | Swamp:1  | Entered Level 1 of the Swamp
 29877 | Swamp:1  | Received a gift from Trog
 30376 | Swamp:1  | Noticed a thorn hunter
 30390 | Swamp:1  | Killed a thorn hunter
 30391 | Swamp:1  | Reached skill level 1 in Shields
 30725 | Swamp:1  | Reached XP level 16. HP: 153/155 MP: 15/15
 31308 | Swamp:2  | Noticed a thorn hunter
 31333 | Swamp:2  | Killed a thorn hunter
 32187 | Swamp:2  | Identified the +6 glaive of Tefit {flame, Dex+4 SInv
                  | Stlth+} (Trog gifted it to you on level 2 of the Swamp)
 32187 | Swamp:2  | Received a gift from Trog
 32607 | Swamp:2  | Identified the +2 robe "Fillenia" {Harm rElec rPois}
 32607 | Swamp:2  | Noticed Kirke
 32624 | Swamp:2  | Killed Kirke
 34472 | Swamp:4  | Entered Level 4 of the Swamp
 34472 | Swamp:4  | Noticed Louise
 35127 | Swamp:4  | Killed Louise
 35434 | Swamp:4  | Received a gift from Trog
 35572 | Swamp:4  | Reached XP level 17. HP: 158/166 MP: 16/16
 35693 | Swamp:4  | Reached skill level 1 in Evocations
 35693 | Swamp:4  | Reached XP level 18. HP: 173/173 MP: 17/17
 36713 | Swamp:4  | Got a decaying rune of Zot
 36860 | Swamp:4  | Reached skill level 5 in Shields
 36946 | Swamp:4  | HP: 5/176 [drowned by a drowned soul[a merfolk avatar]
                  | (11)]
 37706 | Snake:1  | Entered Level 1 of the Snake Pit
 38218 | Snake:1  | Received a gift from Trog
 38612 | Snake:1  | Identified the +2 ring mail of Fuupib {+Blink +Inv Str+2}
 38895 | Snake:2  | Found Daut Iddick's Assorted Antiques.
 38941 | Snake:2  | Bought a wand of mindburst (17) for 76 gold pieces
 38941 | Snake:2  | Bought a scroll of teleportation for 57 gold pieces
 38941 | Snake:2  | Bought a scroll of enchant armour for 142 gold pieces
 38941 | Snake:2  | Bought a vibrating ivory amulet for 95 gold pieces
 38941 | Snake:2  | Identified the amulet "Heloun" {RegenMP rPois Str+2 Slay+3
                  | Stlth-} (You bought it in a shop on level 2 of the Snake
                  | Pit)
 39321 | Snake:2  | Found Plog's General Store.
 39328 | Snake:2  | Bought a scroll of enchant armour for 112 gold pieces
 39705 | Snake:2  | Found Cicas's Jewellery Shop.
 39712 | Snake:2  | Bought the ring of Winuduatt {rElec rPois rN++ Will+ Int+3}
                  | for 900 gold pieces
 40625 | Snake:3  | Noticed Aizul
 40628 | Snake:3  | Reached XP level 19. HP: 181/184 MP: 18/18
 40632 | Snake:3  | Received a gift from Trog
 40650 | Snake:3  | Killed Aizul
 41426 | Snake:3  | Found a snail-covered altar of Cheibriados.
 41542 | Snake:4  | Entered Level 4 of the Snake Pit
 41574 | Snake:4  | Received a gift from Trog
 42257 | Snake:4  | Found a transporter.
 42308 | Snake:4  | Found a transporter.
 42308 | Snake:4  | Noticed Grognak's ghost (journeyman MiFi)
 42828 | Snake:4  | Received a gift from Trog
 43606 | Snake:4  | Reached skill level 10 in Shields
 43959 | Snake:4  | Reached skill level 15 in Dodging
 44000 | Snake:4  | Received a gift from Trog
 44277 | Snake:4  | Got a serpentine rune of Zot
 44677 | Elf:1    | Entered Level 1 of the Elven Halls
 44984 | Snake:4  | Killed Grognak's ghost
 44985 | Snake:4  | Reached XP level 20. HP: 198/198 MP: 19/19
 44998 | Snake:4  | Identified the +1 hat "Suts" {Str+5}
 45351 | Elf:1    | Found a radiant altar of Vehumet.
 45636 | Elf:1    | Found Pajurame's Assorted Antiques.
 45637 | Elf:1    | Found Ratsom's Antique Weapon Shop.
 45637 | Elf:1    | Found Roofam Coteo's Weapon Boutique.
 45640 | Elf:1    | Found Xuyqum's Distillery.
 45644 | Elf:1    | Received a gift from Trog
 45655 | Elf:1    | Bought a scroll of teleportation for 84 gold pieces
 45661 | Elf:1    | Bought a potion of curing for 36 gold pieces
 45661 | Elf:1    | Bought a potion of heal wounds for 60 gold pieces
 45661 | Elf:1    | Bought a potion of curing for 36 gold pieces
 45661 | Elf:1    | Bought a potion of invisibility for 96 gold pieces
 45661 | Elf:1    | Bought a potion of invisibility for 96 gold pieces
 45661 | Elf:1    | Bought a potion of heal wounds for 60 gold pieces
 45709 | Elf:1    | Identified the +1 plate armour "Darchat" {Str+4}
 45709 | Elf:1    | Cast into level 3 of the Abyss (a deep elf sorcerer)
 45804 | Elf:1    | Escaped the Abyss
 46479 | Elf:2    | Found Itziddoyma's Antique Armour Shoppe.
 46509 | Elf:2    | Received a gift from Trog
 47228 | Elf:2    | Found a runed translucent gate.
 47228 | Elf:2    | Found a runed translucent gate.
 47228 | Elf:2    | Found a runed translucent gate.
 47680 | Elf:2    | Received a gift from Trog
 48117 | Elf:3    | Entered Level 3 of the Elven Halls
 48117 | Elf:3    | Identified Roxanne's Catalogue of Transmutation
 48117 | Elf:3    | Noticed Roxanne
 48125 | Elf:3    | Killed Roxanne
 48199 | Elf:3    | Found Ofokkeal's Antique Armour Boutique.
 48376 | Elf:3    | Received a gift from Trog
 48423 | Elf:3    | Bought a pair of runed gloves for 202 gold pieces
 49372 | Elf:3    | Received a gift from Trog
 49373 | Elf:3    | Reached XP level 21. HP: 182/207 MP: 20/20
 50320 | Elf:3    | Identified the +8 mace of the Well-Known Hells {vorpal,
                  | Stlth+}
 51123 | D:14     | Found a gate to the Vaults.
 51144 | D:14     | Received a gift from Trog
 51582 | D:15     | Entered Level 15 of the Dungeon
 51615 | D:15     | Acquired 614 gold pieces
 51891 | D:15     | Found an ornate altar of the Wu Jian Council.
 51914 | D:15     | Noticed Azrael
 51932 | D:15     | Killed Azrael
 52194 | D:15     | Found a staircase to the Depths.
 52554 | D:15     | Noticed Jorgrun
 52568 | D:15     | Killed Jorgrun
 52623 | Vaults:1 | Entered Level 1 of the Vaults
 52661 | Vaults:1 | Received a gift from Trog
 52932 | Vaults:1 | Found a transporter.
 53649 | Vaults:1 | Reached XP level 22. HP: 220/220 MP: 21/21
 53654 | Vaults:1 | Found Degatoj's Distillery.
 53662 | Vaults:1 | Bought a potion of heal wounds for 90 gold pieces
 53662 | Vaults:1 | Bought a potion of invisibility for 144 gold pieces
 53662 | Vaults:1 | Bought a potion of haste for 180 gold pieces
 53662 | Vaults:1 | Bought a potion of curing for 54 gold pieces
 54232 | Vaults:2 | Received a gift from Trog
 55428 | Vaults:3 | Noticed Bai Suzhen
 55428 | Vaults:3 | Noticed Mara
 55431 | Vaults:3 | Noticed robertstho's illusion
 55446 | Vaults:3 | Noticed robertstho's illusion
 55447 | Vaults:3 | Killed Bai Suzhen
 55461 | Vaults:3 | Killed Mara
 55695 | Vaults:3 | Noticed Jory
 55715 | Vaults:3 | Killed Jory
 56017 | Vaults:3 | Received a gift from Trog
 56292 | Vaults:3 | Found a gateway to a bazaar.
 56349 | Bazaar   | Entered a bazaar
 56369 | Bazaar   | Found Giekic's Distillery.
 56385 | Bazaar   | Found Kimoth's Weapon Emporium.
 56385 | Bazaar   | Found Uleovvul's Magic Scroll Shoppe.
 56407 | Bazaar   | Found Jedeh's Weapon Emporium.
 56423 | Bazaar   | Found Feeq's Assorted Antiques.
 56428 | Bazaar   | Bought a scroll of teleportation for 102 gold pieces
 56428 | Bazaar   | Bought a blackened platinum amulet for 170 gold pieces
 56504 | Bazaar   | Bought a scroll of teleportation for 39 gold pieces
 56504 | Bazaar   | Bought a scroll of summoning for 123 gold pieces
 56504 | Bazaar   | Bought a scroll of holy word for 97 gold pieces
 56524 | Bazaar   | Bought a potion of curing for 39 gold pieces
 56524 | Bazaar   | Bought a potion of curing for 39 gold pieces
 56866 | Vaults:3 | You fall into a shaft and drop 1 floor!
 56898 | Vaults:4 | Found a magical portal.
 56907 | WizLab   | Entered The Hall of the Hellbinder
 56919 | WizLab   | Gained mutation: You are partially covered in icy blue
                  | scales. (AC +2) [a neqoxec]
 56920 | WizLab   | Gained mutation: You are strong-willed. (Will+) [a neqoxec]
 56981 | WizLab   | Reached skill level 15 in Shields
 57251 | WizLab   | Found a burning altar of Makhleb.
 57254 | WizLab   | Identified the ring "Fuhaullonuu" {rPois Str+6}
 57269 | WizLab   | Gained mutation: Your spells are a little easier to cast,
                  | but a little less powerful. [a cacodemon]
 57275 | WizLab   | Gained mutation: Your magical capacity is low. (-10% MP) [a
                  | cacodemon]
 57570 | WizLab   | Identified the Catalogue of the Entourage
 57609 | WizLab   | Gained mutation: You are resistant to electric shocks.
                  | (rElec) [a cacodemon]
 57871 | Vaults:4 | Received a gift from Trog
 57967 | Vaults:4 | Found Jeluome's Armour Boutique.
 58137 | Vaults:4 | Reached XP level 23. HP: 171/232 MP: 19/19
 58918 | Vaults:4 | Identified the ring "Eheet" {rPois Str+5 SInv Stlth+}
 59270 | Vaults:4 | Received a gift from Trog
 59615 | Vaults:5 | Entered Level 5 of the Vaults
 60132 | Vaults:5 | Received a gift from Trog
 60466 | Vaults:5 | Noticed Margery
 60486 | Vaults:5 | Killed Margery
 61708 | Vaults:4 | Reached XP level 24. HP: 231/243 MP: 19/19
 62322 | Vaults:5 | Noticed an ancient lich
 62329 | Vaults:5 | Received a gift from Trog
 62338 | Vaults:5 | Killed an ancient lich
 62639 | Vaults:5 | Identified the +2 robe "Viuhor" {rElec Str+2 Stlth+}
 62649 | Vaults:5 | Cast into level 3 of the Abyss (a deep elf sorcerer)
 62662 | Vaults:5 | Escaped the Abyss
 62773 | Vaults:5 | Identified the +3 troll leather armour "Muphiof" {Will+
                  | Regen+ Str-3 Int+2}
 63151 | Vaults:5 | Noticed an ancient lich
 63161 | Vaults:5 | Killed an ancient lich
 63252 | Vaults:5 | Noticed an ancient lich
 63261 | Vaults:5 | Killed an ancient lich
 63380 | Vaults:5 | Noticed Frederick
 63390 | Vaults:5 | Killed Frederick
 63403 | Vaults:5 | Identified the Incunabulum of Poisonous Enchantment
 63404 | Vaults:5 | Identified the Incunabulum of the Frostbite
 63528 | Vaults:5 | Got a silver rune of Zot
 63552 | Vaults:5 | Identified Heqot's Grimoire of Creative Conjuration
 63763 | Vaults:5 | Found Buggescheng's Assorted Antiques.
 64024 | Vaults:5 | Bought a scroll of enchant armour for 210 gold pieces
 64024 | Vaults:5 | Bought a potion of curing for 84 gold pieces
 64024 | Vaults:5 | Bought a scroll of teleportation for 84 gold pieces
 64024 | Vaults:5 | Bought a scroll of blinking for 210 gold pieces
 64149 | Vaults:5 | Received a gift from Trog
 64416 | Depths:1 | Entered Level 1 of the Depths
 65177 | Depths:1 | Found a one-way gate to the infinite horrors of the Abyss.
 65222 | Depths:1 | Reached XP level 25. HP: 186/255 MP: 19/19
 65501 | Depths:1 | Found a gateway to a ziggurat.
 65856 | Depths:1 | Found a gateway to Hell.
 65913 | Depths:2 | Identified the +8 broad axe of War {flame, Int+4 Dex-2}
                  | (Trog gifted it to you on level 2 of the Depths)
 65913 | Depths:2 | Received a gift from Trog
 66891 | Depths:2 | Received a gift from Trog
 67355 | Depths:3 | Reached skill level 27 in Fighting
 67532 | Depths:3 | Gained mutation: You are weak. (Str -2) [a cacodemon]
 67536 | Depths:3 | Found a one-way gate leading to the halls of Pandemonium.
 67603 | Depths:3 | Found a stormy altar of Qazlal.
 67709 | Depths:3 | Paralysed by a floating eye for 4 turns
 68672 | Vaults:1 | Identified the +2 pair of boots "Iwunn" {*Contam rC++ rCorr
                  | Str+2}
 68803 | Depths:2 | Upgraded the game from 0.27-a0-705-ga0013940fb to
                  | 0.27-a0-732-ga892ba84f6
 68869 | Depths:3 | Received a gift from Trog
 69143 | Depths:4 | Found Xypniq's One-of-a-Kind Books.
 69670 | Depths:4 | Reached XP level 26. HP: 203/262 MP: 19/19
 69843 | Depths:5 | Entered Level 5 of the Depths
 69973 | Depths:5 | Received a gift from Trog
 70234 | Depths:5 | Noticed Sojobo
 70274 | Depths:5 | Killed Sojobo
 70778 | Depths:5 | Found Atreh's Antique Armour Shoppe.
 71236 | Depths:5 | Received a gift from Trog
 71240 | Depths:5 | Found a gate to the Realm of Zot.
 71583 | Zot:1    | Entered Level 1 of the Realm of Zot
 72857 | Zot:1    | Received a gift from Trog
 73224 | Zot:2    | Noticed an ancient lich
 73234 | Zot:2    | Killed an ancient lich
 73238 | Zot:2    | Reached XP level 27. HP: 273/273 MP: 19/19
 74791 | Zot:2    | You fall into a shaft and drop 2 floors!
 75585 | Zot:3    | Received a gift from Trog
 75855 | Zot:3    | Noticed an orb of fire
 75857 | Zot:3    | Gained mutation: Your magical capacity is very low. (-20%
                  | MP) [an orb of fire]
 75858 | Zot:3    | Gained mutation: You are dopey. (Int -2) [an orb of fire]
 75867 | Zot:3    | Gained mutation: Your body sometimes deteriorates upon
                  | taking damage. [an orb of fire]
 75874 | Zot:3    | Gained mutation: You tend to lose your temper in combat.
                  | [an orb of fire]
 75875 | Zot:3    | Gained mutation: You do not regenerate when monsters are
                  | visible. [an orb of fire]
 75876 | Zot:3    | Killed an orb of fire
 76208 | Zot:3    | Identified the Tome of Moulding
 76549 | Zot:3    | Acquired a +1 pair of gloves of strength
 77874 | Zot:4    | Found a large runed translucent door.
 77875 | Zot:4    | Found a large runed translucent door.
 77876 | Zot:4    | Found a large runed translucent door.
 77876 | Zot:4    | Found a shimmering altar of Xom.
 77877 | Zot:4    | Found a large runed translucent door.
 77877 | Zot:4    | Found a large runed translucent door.
 77877 | Zot:4    | Found a large runed translucent door.
 77877 | Zot:4    | Found a large runed translucent door.
 77877 | Zot:4    | Found a large runed translucent door.
 78288 | Zot:4    | Identified the +7 dire flail of Itrolin {speed, *Noise
                  | rElec rPois Int+7}
 78296 | Zot:4    | Identified the +0 chain mail "Ruid" {Str+4 Dex+2 Slay+3}
 78308 | Zot:4    | Identified the +1 triple crossbow of the Exiled Xenophobes
                  | {freeze, Int+4}
 78308 | Zot:4    | Identified the +11 fustibalus "Yho Tecu" {flame, rF+ rC+
                  | Int+3}
 79147 | Zot:4    | Noticed an orb of fire
 79154 | Zot:4    | Lost mutation: Your spells are a little easier to cast, but
                  | a little less powerful. [an orb of fire]
 79165 | Zot:4    | Gained mutation: You are frail. (-10% HP) [an orb of fire]
 79169 | Zot:4    | Gained mutation: You are clumsy. (Dex -2) [an orb of fire]
 79173 | Zot:4    | Gained mutation: You often lose your temper in combat. [an
                  | orb of fire]
 79176 | Zot:4    | Killed an orb of fire
 79578 | Zot:4    | Received a gift from Trog
 79941 | Zot:5    | Entered Level 5 of the Realm of Zot
 80732 | Zot:5    | Noticed an ancient lich
 80739 | Zot:5    | Noticed an orb of fire
 80744 | Zot:5    | Noticed a dread lich
 80748 | Zot:5    | Noticed an orb of fire
 80749 | Zot:5    | Killed an ancient lich
 80755 | Zot:5    | Lost mutation: You are frail. (-10% HP) [an orb of fire]
 80760 | Zot:5    | Gained mutation: You occasionally shout uncontrollably at
                  | your foes. [an orb of fire]
 80762 | Zot:5    | Gained mutation: You are frail. (-10% HP) [an orb of fire]
 80763 | Zot:5    | Killed an orb of fire
 80766 | Zot:5    | Gained mutation: You have an uncontrollable temper. [an orb
                  | of fire]
 80769 | Zot:5    | Killed a dread lich
 80770 | Zot:5    | Reached skill level 27 in Axes
 80777 | Zot:5    | Noticed an orb of fire
 80783 | Zot:5    | Noticed an orb of fire
 80784 | Zot:5    | Noticed an orb of fire
 80788 | Zot:5    | Killed an orb of fire
 80790 | Zot:5    | Gained mutation: Scrolls take you a little longer to read.
                  | [an orb of fire]
 80795 | Zot:5    | Noticed an orb of fire
 80798 | Zot:5    | Gained mutation: Your spells are a little easier to cast,
                  | but a little less powerful. [an orb of fire]
 80799 | Zot:5    | Noticed an orb of fire
 80801 | Zot:5    | Killed an orb of fire
 80805 | Zot:5    | Gained mutation: Armour fits poorly on your strangely
                  | shaped body. [an orb of fire]
 80813 | Zot:5    | Gained mutation: Your spells are easier to cast, but less
                  | powerful. [an orb of fire]
 80813 | Zot:5    | Noticed a dread lich
 80816 | Zot:5    | Noticed a dread lich
 80817 | Zot:5    | HP: 8/245 [orb of fire/bolt of fire (11)]
 80817 | Zot:5    | HP: 1/245 [orb of fire/bolt of fire (7)]
 80817 | Zot:5    | Killed from afar by an orb of fire

Illustrated notes

Levels and vault maps discovered:
D:1:      dpeg_arrival_subterranean_lakeside_camping, layout_rooms,
          minmay_misc_feat_four_crosses
D:2:      layout_basic, pdpol_wu_jian_five_deadly_venoms, tgw_xom
D:3:      layout_basic, nicolae_overflow_crystal_walls, kiku_gazebo_pond_becter,
          elyvilon_altar_5
D:4:      layout_rooms, lemuel_coloured_pillars_altar, general_overflow_altar,
          kennysheep_mini_moat, gammafunk_ghost_cemetery, uniq_edmund,
          uniq_ijyb, uniq_sigmund, uniq_blork_the_orc
D:5:      layout_basic, enter_ossuary_4
D:6:      layout_basic, serial_undead, serial_undead_b, serial_undead_e,
          serial_undead_f, serial_undead_f, serial_undead_d, serial_undead_a,
          uniq_pikel, uniq_duvessa, uniq_eustachio
D:7:      layout_rooms, tgw_trog, temple_statues
D:8:      layout_basic, fedhas_altar_decomposition, uniq_maurice
D:9:      layout_roguey, kennysheep_little_box,
          nicolae_hepliaklqana_hippocampus, nicolae_ru_sacrificial_ziggurat,
          nicolae_sextant, minivault_16, uniq_harold
D:10:     layout_basic, lair_entry_dummy, enter_bailey_3,
          nicolae_trove_entry_free_sample, grunt_decor_one_mirror, uniq_fannar,
          uniq_erica
D:11:     layout_irregular_city
D:12:     layout_basic, minmay_orc_entry_temple_small
D:13:     layout_stronghold, serial_shops, shop, basic_altar, billiards_dpeg,
          uniq_snorg
D:14:     layout_cross, skrybe_vaults_entry_preservation,
          chequers_serial_rivers_small_a, corexii_checkpoint_a
D:15:     gammafunk_depths_entry_grave, layout_basic, special_room
          [special_room_orc], nicolae_wu_jian_wuxing_cycle, uniq_azrael,
          uniq_jorgrun
Lair:1:   layout_gridlike, minmay_holes, lemuel_another_geyser,
          grunt_megastairs_1, uniq_urug
Lair:2:   layout_chaotic_city, swamp_mist, minmay_snake_entry_guardpost_small,
          nicolae_volcano_entry_lava_flow, grunt_megastairs_3
Lair:3:   beast_lair_carwin_large_4, layout_regular_city, roderic_carrion_pond,
          lemuel_fruit_tree
Lair:4:   layout_regular_city, chequers_serial_rivers_micro_c
Lair:5:   layout_layer_cave, slime_dummy, special_room [special_room_bee],
          minivault_11, infiniplex_staircase_pool
Lair:6:   guppyfry_lair_end_dragon, layout_loops_ring,
          hangedman_lair_caniforms_friends, bobbens_ice_dragon_lair, uniq_sonja
Swamp:1:  layout_falls_marsh, hangedman_swamp_pad
Swamp:2:  layout_basic_swamp, evilmike_swamp_ruin_rubble_2, swamp_pool3,
          uniq_kirke
Swamp:3:  layout_basic_swamp, nicolae_swamp_bean_lake, swamp_pool1,
          statue_in_the_mist_lemuel
Swamp:4:  swamp_basic_johnstein, layout_basic_swamp, swamp_pool4,
          grunt_lady_of_the_lake, uniq_louise
Snake:1:  layout_rooms
Snake:2:  layout_layer_cave, serial_shops,
          nicolae_shop_temple_entry_statues_fountains, nicolae_shop_waterfront,
          shop, special_room, nicolae_coiled_stairwell_up, grunt_megastairs_5
Snake:3:  nicolae_aizul_guard, layout_grid_shapes, basic_altar
Snake:4:  snake_pit_salamanders_mu, layout_onion_interference,
          gammafunk_ghost_arena, st_stairs_14
Orc:1:    layout_diamond_mine, ebering_ghost_reflecting_pool, serial_shops,
          nicolae_shop_stone
Orc:2:    grunt_orc_cross, layout_caves, guppyfry_orc_lava_fort, uniq_erolcha
Elf:1:    eino_elf_arrival_altar, layout_rooms, minmay_elf_sorcery,
          minmay_shoptagon
Elf:2:    layout_loops_corners, serial_shops, shop, serial_glass,
          glass_columns_a, glass_columns_b, due_unseen_surprise
Elf:3:    minmay_elf_hall_x, layout_loops_cross, serial_shops, shop,
          uniq_roxanne
Vaults:1: vaults_mumra_minichess_inversion, emtedronai_trogs_sanctum,
          nicolae_vaults_puzzle_piece, nicolae_vaults_alarming,
          nicolae_vaults_circle_grid_a, vaults_mumra_minichess, v_pattern_5,
          v_misc_28, vaults_room_stairs_pillars, vaults_room_hallway, v_misc_13,
          layout_vaults_maze, serial_shops, shop
Vaults:2: v_rooms_1, ontoclasm_vaults_loading_screen, vaults_room_door_ring,
          nicolae_vaults_angled_halls, v_misc_26, vaults_room_large_hall,
          nicolae_vaults_circle_grid_b, nicolae_vaults_shelves_hall,
          ontoclasm_vaults_chip, grunt_vaults_hallway_short,
          ontoclasm_vaults_spin, vaults_room_pools,
          nicolae_vaults_little_squares_6, v_rooms_5, vaults_room_pool,
          vaults_dpeg_diagonal, layout_vaults_omnibox
Vaults:3: vaults_mumra_lcd, hangedman_vaults_variations,
          minmay_crypt_entry_simple_corners, grunt_vaults_twisty, v_pattern_2,
          layout_vaults_omnigrid, serial_shops, bzr_entry_islet, uniq_jory,
          uniq_bai_suzhen, uniq_mara
Vaults:4: nicolae_vaults_windows_and_doors_thing, nicolae_vaults_back_hallway,
          nicolae_vaults_network_star, nicolae_vaults_network_square,
          ontoclasm_vaults_pinch, nicolae_vaults_little_squares_1,
          vaults_standard_mumra_lines, nicolae_vaults_little_squares_4,
          layout_vaults_chaotic_city, serial_shops, shop_coins,
          mu_enter_wizlab_4
Vaults:5: uniq_frederick, uniq_margery
Depths:1: layout_twisted_cross, enter_ziggurat_c,
          hangedman_abyss_or_decor_stabs, hell_entry, abyss_entry, special_room
          [special_room_mythical_zoo], minmay_misc_feat_five,
          kennysheep_underground_church
Depths:2: kennysheep_ogre_elephant_herders, layout_gridville,
          minmay_misc_feat_alley, grunt_mini_vestibule,
          amcnicky_mini_rare_corridor_liquid, minmay_misc_feat_ornament,
          infiniplex_staircase_x
Depths:3: minmay_the_grid_octo_tiled_squarecenter [minmay_the_grid_octo_clover,
          minmay_the_grid_octo_horde, minmay_the_grid_octo_odd_swirl,
          minmay_the_grid_octo_fan_narrow,
          minmay_the_grid_square_5x5_megaprize_open,
          minmay_the_grid_square_5x5_checkered_sparse,
          minmay_the_grid_square_5x5_spiral_small,
          minmay_the_grid_square_5x5_minivault,
          minmay_the_grid_square_5x5_longway], layout_long_grid, hell_entry,
          rand_demon_pan_entry_8, lemuel_crystal_altar, drop_trap
Depths:4: kennysheep_bubble_arena, layout_cave_pools, pf_hell_entry_tar_spiral,
          abyss_entry, kennysheep_cross_room, nicolae_rare_books,
          infiniplex_staircase_diamond, uniq_xtahua
Depths:5: grunt_zot_entry_pinwheel, layout_cave_shapes, dk_noncrumbling_3,
          hell_entry, grunt_pan_entry_in_and_out, minmay_room_of_horrors,
          serial_bayou_shore_b, serial_bayou_shore_a, minmay_shop_star,
          uniq_sojobo
Zot:1:    layout_gridlike
Zot:2:    ebering_klown_carousel, layout_gridville
Zot:3:    minmay_elemental_castle, layout_cathedral_of_symmetry
Zot:4:    layout_cathedral_of_symmetry, hangedman_xom_zot_hilarity
Zot:5:    layout_gridlike, st_stairs_12

Skill      XL: |  1  2  3  4  5  6  7  8  9 10 11 12 13 14 15 16 17 18 19 20 21 22 23 24 25 26 27 |
---------------+----------------------------------------------------------------------------------+-----
Fighting       | 4 5 6 8 9 10 11 13 14 15 17 18 19 21 22 23 24 25 26 27 | 27.0
Axes           | 4 5 6 8 10 12 13 15 16 17 18 19 20 21 22 23 24 25 27 | 27.0
Armour         | 3 5 6 8 9 10 12 13 14 15 16 18 19 20 21 22 23 24 26 | 26.7
Dodging        | 3 4 5 6 7 8 9 11 12 13 14 15 16 17 18 19 20 22 | 22.3
Long Blades    | 1 |  1.1
Shields        | 1 3 4 7 10 12 13 15 16 18 20 22 26 | 26.2
Evocations     | 1 2 |  2.1

Action                   |  1- 3 |  4- 6 |  7- 9 | 10-12 | 13-15 | 16-18 | 19-21 | 22-24 | 25-27 || total
-------------------------+-------+-------+-------+-------+-------+-------+-------+-------+-------++-------
Melee: Hand axe          |   102 |    73 |       |       |       |       |       |       |       ||   175
       Headbutt          |     9 |    20 |    82 |   138 |   286 |   290 |   400 |   444 |   573 ||  2242
       War axe           |       |    15 |   264 |       |       |       |       |       |       ||   279
       Battleaxe         |       |       |    36 |       |       |       |       |       |       ||    36
       Executioner's axe |       |       |    30 |   470 |   439 |    14 |       |       |       ||   953
       Scimitar          |       |       |       |     4 |       |       |       |       |       ||     4
       Broad axe         |       |       |       |       |   549 |   870 |  1435 |  1335 |  1887 ||  6076
       Unarmed           |       |       |       |       |       |       |       |       |     1 ||     1
Invok: Berserk           |     2 |     3 |     6 |    10 |    15 |     3 |     6 |     3 |     8 ||    56
       Trog's Hand       |       |       |     1 |       |     5 |     2 |     4 |     1 |     3 ||    16
       Brothers in Arms  |       |       |       |     2 |     7 |     1 |     5 |     1 |     7 ||    23
Evoke: Wand              |       |       |       |       |     3 |     8 |       |       |       ||    11
       Phantom mirror    |       |       |       |       |     1 |     1 |       |       |       ||     2
       Condenser vane    |       |       |       |       |       |     1 |     2 |     1 |       ||     4
       Tin of tremorston |       |       |       |       |       |       |       |     1 |       ||     1
  Use: Scroll            |     5 |     3 |    10 |     6 |    22 |     4 |     6 |     3 |    14 ||    73
       Potion            |       |       |       |     3 |     4 |     3 |     1 |     9 |     6 ||    26
 Stab: Sleeping          |       |       |       |     2 |       |       |       |       |     2 ||     4
       Distracted        |       |       |       |       |     1 |     2 |     1 |       |       ||     4
       Confused          |       |       |       |       |       |     1 |       |       |       ||     1
       Invisible         |       |       |       |       |       |       |       |     2 |       ||     2
Armor: Animal skin       |     4 |       |       |       |       |       |       |       |       ||     4
       Scale mail        |    44 |    32 |    65 |       |       |       |       |       |       ||   141
       Chain mail        |       |       |    96 |    18 |       |       |       |       |       ||   114
       Plate armour      |       |       |       |   191 |       |       |       |       |       ||   191
       Gold dragon scale |       |       |       |   310 |   839 |   638 |   536 |   569 |   738 ||  3630
Dodge: Dodged            |    76 |    44 |   192 |   335 |   573 |   411 |   374 |   414 |   527 ||  2946
Block: Other             |       |       |       |       |    30 |   129 |       |       |       ||   159
       Reflection        |       |       |       |       |       |    46 |   173 |    68 |    41 ||   328
       Kite shield       |       |       |       |       |       |   322 |  1138 |   589 |       ||  2049
       Tower shield      |       |       |       |       |       |       |       |   744 |  2185 ||  2929
       Rpst.: Scimitar   |       |       |       |     1 |       |       |       |       |       ||     1

Table legend: (Time is in decaauts)
 A = Elapsed time spent in this place.
 B = Non-inter-level travel time spent in this place.
 C = Inter-level travel time spent in this place.
 D = Time resting spent in this place.
 E = Time spent auto-exploring this place.
 F = Levels seen in this place.
 G = Mean time per level.
                   A        B        C        D        E       F      G
               +--------+--------+--------+--------+--------+-----+--------+
         Total |  80723 |  76201 |   4522 |  13475 |  48027 |  56 | 1441.5 |
       Dungeon |  19379 |  17710 |   1669 |   1611 |  12890 |  15 | 1291.9 |
          Lair |   7959 |   7295 |    664 |    699 |   5488 |   6 | 1326.5 |
         Swamp |   8068 |   7883 |    185 |   3231 |   3387 |   4 | 2017.0 |
     Snake Pit |   6924 |   6445 |    479 |    665 |   4426 |   4 | 1731.0 |
  Orcish Mines |   3172 |   2739 |    433 |    749 |   1323 |   2 | 1586.0 |
   Elven Halls |   5355 |   5167 |    188 |    811 |   3199 |   3 | 1785.0 |
        Vaults |  10473 |  10075 |    398 |   1557 |   6635 |   5 | 2094.6 |
        Depths |   6787 |   6552 |    235 |    315 |   4695 |   5 | 1357.4 |
           Zot |   9053 |   8784 |    269 |   3025 |   4370 |   5 | 1810.6 |
         Abyss |    105 |    105 |      0 |      0 |     70 |   2 |   52.5 |
        Bazaar |    229 |    229 |      0 |      0 |    102 |   1 |  229.0 |
       Ossuary |    586 |    586 |      0 |      0 |    341 |   1 |  586.0 |
        Bailey |    982 |    982 |      0 |    326 |    275 |   1 |  982.0 |
       Volcano |    866 |    866 |      0 |     34 |    691 |   1 |  866.0 |
        Wizlab |    778 |    778 |      0 |    449 |    131 |   1 |  778.0 |
               +--------+--------+--------+--------+--------+-----+--------+

Top non-repeatable levels by time:
Vaults:4: 4596 daAuts
   Zot:3: 2859 daAuts
 Snake:4: 2611 daAuts
 Swamp:3: 2463 daAuts
    D:12: 2404 daAuts
 Swamp:4: 2300 daAuts
   Elf:3: 2225 daAuts
    D:13: 2178 daAuts
   Elf:2: 2167 daAuts
   Zot:1: 2146 daAuts
 Swamp:1: 2057 daAuts
    D:11: 1962 daAuts
  Lair:6: 1906 daAuts
   Zot:4: 1798 daAuts
Vaults:5: 1788 daAuts
